 Dungeon Crawl Stone Soup version 0.17.1-3-g152610e (webtiles) character file.

21 Metrazal the Sneak (level 2, 14/14 HPs)
             Began as a Spriggan Assassin on Mar 5, 2016.
             Quit the game on level 2 of the Dungeon.
             The game lasted 00:03:33 (931 turns).

Metrazal the Sneak (Spriggan Assassin)               Turns: 931, Time: 00:03:33

Health: 14/14      AC:  3    Str:  7    XL:     2   Next: 62%
Magic:  2/2        EV: 18    Int: 14    God:
Gold:   71         SH:  0    Dex: 17    Spells: 0 memorised, 1 level left

rFire  + . .     SeeInvis +     a - +2 dagger
rCold  . . .     Clarity  .     c - +0 robe
rNeg   . . .     SustAt   .     (shield restricted)
rPois  .         Gourm    .     (helmet restricted)
rElec  .         Spirit   .     d - +0 cloak
rCorr  .         Warding  .     (gloves unavailable)
rMut   .         Stasis   .     (boots unavailable)
MR     .....                    (no amulet)
Stlth  +++++.....               (no ring)
                                n - ring of stealth

@: very quick, not resistant to hostile enchantments, quite stealthy
A: unfitting armour, see invisible, clever 1, fire resistance 1, herbivore 3,
speed 3, low mp 1, slow metabolism 2
a: no special abilities


You were on level 2 of the Dungeon.
You were not hungry.

You visited 1 branch of the dungeon, and saw 2 of its levels.

You collected 71 gold pieces.

Inventory:

Hand Weapons
 a - a +2 dagger (weapon)
 b - a +0 blowgun
Missiles
 e - 8 poisoned needles
 f - 2 curare-tipped needles
 h - 37 stones (quivered)
Armour
 c - a +0 robe (worn)
 d - a +0 cloak (worn)
Jewellery
 n - a ring of stealth (left hand)
Scrolls
 j - 5 scrolls of identify {unknown}
 m - a scroll of noise {unknown}
 o - 2 scrolls of teleportation {unknown}
Potions
 l - a potion of haste {unknown}
Comestibles
 g - a bread ration


   Skills:
 - Level 1.5 Fighting
 + Level 2.8 Short Blades
 - Level 2.0 Throwing
 + Level 2.8 Dodging
 + Level 6.0 Stealth


You had one spell level left.
You didn't know any spells.

Dungeon Overview and Level Annotations

Branches:
Dungeon (2/15)

Altars:


Innate Abilities, Weirdness & Mutations

You are tiny and cannot use many weapons and most armour.
You have supernaturally acute eyesight.
You are a herbivore.
You cover ground extremely quickly.
You need consume almost no food.
Your mind is acute. (Int +2)
Your flesh is heat resistant.
Your magical capacity is low (-10% MP).


Message History

You feel sick.
There is a lethal amount of poison in your body!
There is a lethal amount of poison in your body!
There is a lethal amount of poison in your body!
There is a lethal amount of poison in your body!
* * * LOW HITPOINT WARNING * * *
You feel sick.
It was a potion of mutation.
You feel extremely strange.
You feel less energetic.
You feel resistant to heat.
You feel clever.
* * * LOW HITPOINT WARNING * * *
You feel sick.
It was a potion of heal wounds.
You feel much better.
You start waiting.
You feel sick.
You feel sick. x6
You are no longer poisoned.
You start resting.
HP restored.
Quiver which item? (- for none, * to show all) (? for menu, Esc to quit)
Okay, then.
Are you sure you want to abandon this character and quit the game? (Confirm with "yes".)

.....##.###.#
PP## #...#.# P
#.###.# #.# #.#
#.# #.# #.# #$#
#.# #.# #.# #.#
#.###@# #...#.#
###.#.#
###########.#.#
.....♣.♣....#.#
#....#.###.#
##♣.♣.♣#.....#
#......#.##..#
#..#.♣.♣#♣#.....#


There were no monsters in sight!

Vanquished Creatures
  An adder (D:2)
  2 giant cockroaches (D:1)
  A hobgoblin (D:1)
  2 kobolds (D:1)
  A quokka (D:2)
  2 bats (D:1)
  A goblin (D:1)
  A rat (D:1)
11 creatures vanquished.

Notes
Turn   | Place    | Note
--------------------------------------------------------------
     0 | D:1      | Metrazal the Spriggan Assassin began the quest for the Orb.
     0 | D:1      | Reached XP level 1. HP: 10/10 MP: 2/2
   376 | D:1      | Reached XP level 2. HP: 14/14 MP: 3/3
   769 | D:2      | Reached skill level 6 in Stealth
   774 | D:2      | Gained mutation: Your magical capacity is low (-10% MP). [potion of mutation]
   774 | D:2      | Gained mutation: Your flesh is heat resistant. [potion of mutation]
   774 | D:2      | Gained mutation: Your mind is acute. (Int +2) [potion of mutation]
   931 | D:2      | Quit the game

Action                   || total
-------------------------++-------
Melee: Dagger            ||    34
  Use: Potion            ||     2
 Stab: Sleeping          ||     3
       Distracted        ||     1
